 Dungeon Crawl Stone Soup version 0.18-a0-1726-g399342b (webtiles) character file.

104 useraccount the Insei (level 4, -1/37 HPs)
             Began as a Demonspawn Monk on Apr 4, 2016.
             Slain by a phantom (4 damage)
             ... on level 5 of the Dungeon.
             The game lasted 00:02:50 (2104 turns).

useraccount the Insei (Demonspawn Monk)             Turns: 2104, Time: 00:02:50

Health: -1/37      AC:  6    Str: 11 (13) XL:     4   Next: 52%
Magic:  4/4        EV: 17    Int:  9 (11) God:
Gold:   111        SH:  0    Dex: 19 (20) Spells: 0 memorised, 3 levels left

rFire  . . .     SeeInvis .       - Unarmed
rCold  . . .     Gourm    .     h - +0 ring mail
rNeg   . . .     Faith    .     (no shield)
rPois  .         Spirit   .     (helmet restricted)
rElec  .         Dismiss  .     (no cloak)
rCorr  .         Reflect  .     (no gloves)
SustAt .         Harm     .     (no boots)
MR     .....                    (no amulet)
Stlth  +++.......               (no ring)
                                (no ring)

@: agile, very slightly contaminated, hasted, very quick, not resistant to
hostile enchantments, fairly stealthy
A: horns 2, blurry vision 1, shaggy fur 1, MP-powered wands
a: no special abilities


You were on level 5 of the Dungeon.
You were not hungry.

You visited 1 branch of the dungeon, and saw 4 of its levels.

You collected 111 gold pieces.

Inventory:

Armour
 h - a +0 ring mail (worn)
Wands
 k - a wand of flame (16/48)
Scrolls
 f - a scroll of fog {unknown}
 g - 6 scrolls of identify {unknown}
 j - a scroll of magic mapping {unknown}
 m - a scroll of amnesia {unknown}
 o - a scroll of immolation {unknown}
Potions
 i - a potion of cure mutation
 p - a potion of curing {unknown}
Comestibles
 a - 6 chunks of flesh
 b - a bread ration
 c - a beef jerky


   Skills:
 + Level 3.8 Fighting
 + Level 1.1 Armour
 + Level 3.2 Dodging
 + Level 2.5 Stealth
 * Level 4.0 Unarmed Combat


You had 3 spell levels left.
You didn't know any spells.

Dungeon Overview and Level Annotations

Branches:
Dungeon (3/15)

Altars:
Ashenzari
Cheibriados
Sif Muna
Vehumet


Innate Abilities, Weirdness & Mutations

You have a pair of horns on your head.
Scrolls take you a little longer to read.
You are covered in fur (AC +1).
You expend magic power (3 MP) to strengthen your wands.


Message History

You closely miss the phantom.
The phantom is severely damaged.
The phantom closely misses you.
You miss the phantom. Your headbutt misses the phantom.
The phantom is severely damaged.
The giant gecko skeleton barely misses you.
You hit the phantom but do no damage.
The phantom is severely damaged.
The phantom blinks!
The giant gecko skeleton closely misses you.
You hit the giant gecko skeleton.
You destroy the giant gecko skeleton!
You closely miss the phantom. Your headbutt misses the phantom.
The phantom is severely damaged.
The phantom hits you.
* * * LOW HITPOINT WARNING * * *
You miss the phantom.
The phantom is severely damaged.
The phantom hits you.
You die...

###.#. ....
...
#.##+####
#.......#
#.....$.#
##......#
#..W...#
#..@...#
#......#
#......#
#......#
#.%.......#
#########.#
#


You could see a phantom.

Vanquished Creatures
  A hound zombie (D:3)
  3 adders
  An ooze (D:1)
  A worm (D:2)
  An orc (D:3)
  2 ball pythons
  6 bats
  8 goblins
  7 hobgoblins
  4 jackals (D:1)
  9 kobolds
  A giant gecko skeleton (D:5)
  2 giant newts (D:1)
  11 rats
57 creatures vanquished.

Vanquished Creatures (others)
  A worm (D:2)
  A kobold (D:2)
2 creatures vanquished.

Grand Total: 59 creatures vanquished

Notes
Turn   | Place    | Note
--------------------------------------------------------------
     0 | D:1      | useraccount the Demonspawn Monk began the quest for the Orb.
     0 | D:1      | Reached XP level 1. HP: 18/18 MP: 1/1
    31 | D:1      | Found a shattered altar of Ashenzari.
   124 | D:1      | Gained mutation: You have a pair of small horns on your head. [demonic ancestry]
   124 | D:1      | Reached XP level 2. HP: 8/24 MP: 2/2
   600 | D:1      | Reached XP level 3. HP: 18/29 MP: 3/3
  1316 | D:2      | Found a snail-covered altar of Cheibriados.
  1415 | D:2      | Gained mutation: You have a pair of horns on your head. [demonic ancestry]
  1415 | D:2      | Reached XP level 4. HP: 26/36 MP: 4/4
  1524 | D:2      | Found a deep blue altar of Sif Muna.
  1572 | D:2      | Found a radiant altar of Vehumet.
  1968 | D:3      | Reached skill level 4 in Unarmed Combat
  1990 | D:3      | Reached skill level 1 in Armour
  2050 | D:3      | You fall through a shaft for 2 floors!
  2050 | D:5      | Entered Level 5 of the Dungeon
  2050 | D:5      | Noticed a phantom
  2073 | D:5      | Gained mutation: You are covered in fur (AC +1). [potion of mutation]
  2073 | D:5      | Gained mutation: Scrolls take you a little longer to read. [potion of mutation]
  2073 | D:5      | Gained mutation: You expend magic power (3 MP) to strengthen your wands. [potion of mutation]
  2104 | D:5      | Slain by a phantom

Vault maps used:
D:1:      dpeg_arrival_ratfight, minmay_gold_behind_fungi,
          nicolae_ashenzari_panopticon
D:2:      cheibriados_altar_1, fiery_altar_vehumet, lemuel_blue_sif_altar
D:3:      lemuel_upstairs_altar, first_bread
D:5:      kennysheep_kobold_camp, gammafunk_temple_overflow_claw,
          minmay_temple_entry_purple_smoke, item_on_display_a

Skill      XL: |  1  2  3  4 |
---------------+-------------+-----
Stealth        | 2 |  2.5
Dodging        | 3 |  3.2
Unarmed Combat | 4 |  4.0
Armour         | 1 |  1.1
Fighting       | |  3.8

Action                   |  1- 3 |  4- 6 || total
-------------------------+-------+-------++-------
Melee: Unarmed           |   109 |    87 ||   196
  Use: Potion            |       |     5 ||     5
 Stab: Sleeping          |       |     2 ||     2
  Eat: Chunk             |     2 |     2 ||     4
